 Dungeon Crawl Stone Soup version 0.21.1-1-g345015f (webtiles) character file.

150 letownia2 the Conjurer (level 5, 9/28 HPs)
             Began as a Tengu Wizard on Mar 4, 2018.
             Quit the game on level 4 of the Dungeon.
             The game lasted 00:07:54 (1275 turns).

letownia2 the Conjurer (Tengu Wizard)               Turns: 1275, Time: 00:07:55

Health: 9/28       AC:  3    Str:  8    XL:     5   Next: 32%
Magic:  0/10       EV: 12    Int: 19    God:
Gold:   109        SH:  0    Dex: 12    Spells: 1/10 levels left

rFire    . . .     SeeInvis .   a - +0 dagger
rCold    . . .     Gourm    .   (no shield)
rNeg     . . .     Faith    .   n - +0 leather armour
rPois    .         Spirit   .   b - +0 hat
rElec    .         Reflect  .   (no cloak)
rCorr    .         Harm     .   (no gloves)
MR       .....                  (boots unavailable)
Stlth    +++.......             (no amulet)
HPRegen  0.09/turn              g - ring of stealth
MPRegen  0.12/turn              (no ring)

@: no status effects
A: beak, talons 3, able to fly 1
a: Fly


You were on level 4 of the Dungeon.
You were hungry.

You visited 1 branch of the dungeon, and saw 4 of its levels.

You collected 109 gold pieces.

Inventory:

Hand Weapons
 a - a +0 dagger (weapon)
 p - a +1 short sword of venom
 r - a cursed -2 dagger
Missiles
 j - 11 poisoned needles
 o - a tomahawk (quivered)
Armour
 b - a +0 hat (worn)
 e - a +0 ring mail
 i - a +0 robe
 n - a +0 leather armour (worn)
Jewellery
 g - a ring of stealth (left hand)
Scrolls
 h - 2 scrolls of teleportation {unknown}
 k - 3 scrolls of fog {unknown}
 q - 2 scrolls of identify {unknown}
Potions
 f - a potion of curing
Books
 c - a book of Minor Magic

   Spells                             Type                      Level
   a - Magic Dart                     Conjuration                  1
   b - Blink                          Translocation                2
   c - Call Imp                       Summoning                    2
   d - Slow                           Hexes                        2
   e - Conjure Flame                  Conjuration/Fire             3
   f - Mephitic Cloud                 Conjuration/Poison/Air       3
 m - a book of Cantrips

   Spells                             Type                      Level
   a - Confusing Touch                Hexes                        1
   b - Animate Skeleton               Necromancy                   1
   c - Summon Small Mammal            Summoning                    1
   d - Apportation                    Translocation                1
Comestibles
 d - 3 rations


   Skills:
 - Level 2.1 Dodging
 - Level 2.0 Stealth
 - Level 3.0 Spellcasting
 + Level 5.4 Conjurations
 - Level 1.2 Summonings
   Level 0.7 Translocations
 + Level 1.0 Fire Magic
 - Level 3.1 Air Magic


You had one spell level left.
You knew the following spells:

 Your Spells              Type           Power        Failure   Level  Hunger
a - Magic Dart            Conj           ###.         2%          1    None
c - Conjure Flame         Conj/Fire      ###.....     17%         3    ###....
e - Mephitic Cloud        Conj/Pois/Air  ##......     21%         3    ###....
i - Call Imp              Summ           #.......     21%         2    ##.....


Dungeon Overview and Level Annotations

Branches:
Dungeon (4/15)
 Temple: D:4-7

Altars:
Fedhas
Yredelemnul

Shops:
D:4 [

Annotations:
D:4 letownia2's ghost, amateur TeWz


Innate Abilities, Weirdness & Mutations

You have a beak for a mouth.
You have claws for feet.
You can fly.


Message History

* * * LOW HITPOINT WARNING * * *
Okay, then.
You aren't carrying any items that you can evoke.
Unknown command.
Casting: Mephitic Cloud
Confirm with . or Enter, or press ? or * to list all spells.
Aiming: Magic Dart
Press: ? - help, Shift-Dir - straight line, f - letownia2's ghost
Aim: letownia2's ghost, wielding a weapon of flaming The magic dart hits letownia2's ghost.
Letownia2's ghost is lightly damaged.
Unknown command.
Put on which piece of jewellery? (? for menu, Esc to quit)
Okay, then.
Okay, then.
Wear which item? (? for menu, Esc to quit)
Okay, then.
Okay, then.
Okay, then.
Are you sure you want to abandon this character and quit the game? (Confirm with "yes".)

...^......†...................∩.#
###............5.........########
##############W#.......#
#.#.......# #.######### #.# #.#
#)# #@# #.# #.# #.#
#.################
#.................
#################. #. #.


You could see letownia2's ghost and a crimson imp.

Vanquished Creatures
  An orc priest (D:3)
  An orc wizard (D:4)
  5 adders
  A dart slug (D:3)
  A leopard gecko (D:1)
  11 orcs
  2 goblins
  4 hobgoblins
  5 jackals
  A quokka (D:3)
  A bat (D:2)
  A frilled lizard (D:2)
  3 kobolds
  A quokka skeleton (D:4)
  A rat (D:1)
39 creatures vanquished.

Notes
Turn   | Place    | Note
-------+----------+-------------------------------------------
     0 | D:1      | letownia2 the Tengu Wizard began the quest for the Orb.
     0 | D:1      | Reached XP level 1. HP: 10/10 MP: 5/5
    54 | D:1      | Reached skill level 2 in Conjurations
   116 | D:1      | Reached XP level 2. HP: 3/15 MP: 0/7
   174 | D:1      | Reached skill level 3 in Conjurations
   405 | D:2      | Learned a level 2 spell: Call Imp
   504 | D:3      | Reached XP level 3. HP: 19/19 MP: 0/8
   509 | D:3      | Learned a level 3 spell: Mephitic Cloud
   567 | D:4      | Found a blossoming altar of Fedhas.
   573 | D:4      | Noticed letownia2's ghost (amateur TeWz)
   644 | D:3      | Reached skill level 4 in Conjurations
   752 | D:3      | Reached skill level 1 in Air Magic
   821 | D:4      | Reached XP level 4. HP: 12/24 MP: 0/9
  1053 | D:4      | Found Quseqadi's Antique Armour Emporium.
  1161 | D:4      | Reached skill level 5 in Conjurations
  1178 | D:4      | Found a basalt altar of Yredelemnul.
  1199 | D:4      | Gained mutation: You can fly. [Tengu growth]
  1199 | D:4      | Reached XP level 5. HP: 27/28 MP: 5/10
  1210 | D:4      | Learned a level 3 spell: Conjure Flame
  1273 | D:4      | Reached skill level 1 in Fire Magic
  1275 | D:4      | Quit the game

Skill      XL: |  1  2  3  4  5 |
---------------+----------------+-----
Conjurations   | 2 3 4 5 |  5.4
Air Magic      | 2 3 |  3.1
Fire Magic     | 1 |  1.0
Dodging        | |  2.1
Stealth        | |  2.0
Spellcasting   | |  3.0
Summonings     | |  1.2
Translocations | |  0.7

Action                   |  1- 3 |  4- 6 || total
-------------------------+-------+-------++-------
Melee: Unarmed           |     4 |       ||     4
       Dagger            |     7 |    11 ||    18
       Kick              |     2 |     4 ||     6
       Peck              |       |     3 ||     3
Throw: Tomahawk          |     2 |     3 ||     5
 Cast: Magic Dart        |    66 |    29 ||    95
       Call Imp          |     1 |       ||     1
       Mephitic Cloud    |       |     4 ||     4
  Eat: Chunk             |       |     1 ||     1
Armor: Robe              |     2 |       ||     2
       Leather armour    |     1 |     4 ||     5
Dodge: Dodged            |    23 |     5 ||    28
